 Dungeon Crawl Stone Soup version 0.22.1-2-g9c5b331 (webtiles) character file.

1231 tidbits the Caller (level 8, -2/58 HPs)
             Began as a Gnoll Summoner on Dec 5, 2018.
             Slain by a catoblepas (23 damage)
             ... on level 5 of the Dungeon.
             The game lasted 00:23:29 (2045 turns).

tidbits the Caller (Gnoll Summoner)                 Turns: 2045, Time: 00:23:29

Health: -2/58      AC:  9    Str: 10    XL:     8   Next: 48%
Magic:  7/17       EV: 16    Int: 25    God:
Gold:   151        SH:  7    Dex: 18    Spells: 6/19 levels left

rFire    . . .     SeeInvis .   b - +0 war axe
rCold    . . .     Gourm    .   B - +2 buckler {AC+3}
rNeg     . . .     Faith    .   j - +0 robe
rPois    .         Spirit   .   (no helmet)
rElec    .         Reflect  .   C - +2 cloak
rCorr    +         Harm     .   (no gloves)
MR       .....     Clarity  +   F - +0 pair of boots
Stlth    +++.......             (no amulet)
HPRegen  0.19/turn              K - ring of resist corrosion
MPRegen  0.15/turn              Y - +5 ring of intelligence

@: no status effects
A: distributed training, fangs 1, agile 1, clarity, strong nose
a: no special abilities


You were on level 5 of the Dungeon.
You were not hungry.

You visited 1 branch of the dungeon, and saw 6 of its levels.
You also visited: Sewer.

You collected 151 gold pieces.

Inventory:

Hand Weapons
 a - a +0 short sword
 b - a +0 war axe (weapon)
 d - a +0 dagger
 e - a +0 spear
 k - a +2 quarterstaff of chaos
   (You took it off Crazy Yiuf on level 2 of the Dungeon)
 l - a +0 halberd
 q - a +0 blowgun
 t - a +0 flail
 v - a +0 hunting sling
 P - a +0 dagger of holy wrath
   (You took it off a kobold in a sewer)
 U - a +2 quarterstaff of protection
   (You found it on level 6 of the Dungeon)
Missiles
 i - 58 sling bullets
 m - a throwing net {!f}
 r - 56 arrows
 s - 4 tomahawks (quivered)
 x - 13 poisoned needles
 Q - 23 stones
Armour
 j - a +0 robe (worn)
 y - a +1 ring mail of fire resistance
   (You took it off Terence on level 3 of the Dungeon)
 B - a +2 buckler of protection (worn)
   (You found it on level 1 of the Dungeon)
 C - a +2 cloak (worn)
 F - a +0 pair of boots (worn)
Magical Staves
 w - an uncursed staff of wizardry {!a}
   (You found it on level 2 of the Dungeon)
Jewellery
 g - an uncursed ring of attention
   (You found it on level 1 of the Dungeon)
 I - an uncursed ring of see invisible
   (You found it on level 3 of the Dungeon)
 K - a ring of resist corrosion (left hand)
   (You found it on level 6 of the Dungeon)
 Y - a +5 ring of intelligence (right hand)
   (You found it on level 5 of the Dungeon)
Wands
 f - a wand of flame (28)
 h - a wand of enslavement (6)
Scrolls
 n - a scroll of blinking
 u - a scroll of noise {!r}
 E - 3 scrolls of teleportation
 J - a scroll of fear {unknown}
 L - a scroll of amnesia {unknown}
 M - a scroll of identify
 T - 3 scrolls of immolation {!r}
 V - a scroll of remove curse
Potions
 o - 5 potions of mutation {!q}
 p - a potion of haste {unknown}
 z - a potion of degeneration {unknown}
 A - a potion of ambrosia {unknown}
 D - 6 potions of flight
 G - a potion of berserk rage {unknown}
 N - a potion of brilliance {unknown}
 O - a potion of lignification {unknown}
 R - a potion of might {unknown}
 S - a potion of curing
 W - a potion of magic {unknown}
Comestibles
 c - 6 rations


   Skills:
 + Level 3.2 Fighting
 + Level 3.2 Short Blades
 + Level 3.2 Long Blades
 + Level 3.2 Axes
 + Level 3.2 Maces & Flails
 + Level 3.2 Polearms
 + Level 3.2 Staves
 + Level 3.2 Slings
 + Level 3.2 Bows
 + Level 3.2 Crossbows
 + Level 3.2 Throwing
 + Level 3.2 Armour
 + Level 5.6 Dodging
 + Level 5.3 Stealth
 + Level 3.2 Shields
 + Level 3.2 Unarmed Combat
 + Level 6.0 Spellcasting
 + Level 2.6 Conjurations
 + Level 2.6 Hexes
 + Level 2.6 Charms
 + Level 7.6 Summonings
 + Level 2.6 Necromancy
 + Level 2.6 Translocations
 + Level 2.6 Transmutations
 + Level 2.6 Fire Magic
 + Level 2.6 Ice Magic
 + Level 2.6 Air Magic
 + Level 2.6 Earth Magic
 + Level 2.6 Poison Magic
 + Level 3.5 Invocations
 + Level 3.2 Evocations


You had 6 spell levels left.
You knew the following spells:

 Your Spells              Type           Power        Failure   Level  Hunger
a - Summon Small Mammal   Summ           ####         1%          1    None
c - Call Canine Familiar  Summ           #####...     1%          3    None
i - Call Imp              Summ           #####...     1%          2    None
o - Ozocubu's Armour      Chrm/Ice       ###.....     8%          3    None
L - Summon Lightning Spi  Summ/Air       ####....     10%         4    ###....

Your spell library contained the following spells:

 Spells                   Type           Power        Failure   Level  Hunger
 Freeze                   Ice            ###.         2%          1    None
 Summon Guardian Golem    Hex/Summ       ####....     2%          3    None
 Throw Frost              Conj/Ice       ###...       4%          2    None
 Summon Ice Beast         Ice/Summ       ####....     10%         4    ###....
 Throw Icicle             Conj/Ice       ###.....     26%         4    ###....


Dungeon Overview and Level Annotations

Branches:
Dungeon (6/15)
 Temple: D:4-7

Altars:
Makhleb
Trog
Vehumet
Wu Jian
Zin

Annotations:
D:5 1 transporter


Innate Abilities, Weirdness & Mutations

Your experience applies equally to all skills.
You have very sharp teeth.
Your uncanny sense of smell can sniff out nearby items.
You are agile. (Dex +2)
You possess an exceptional clarity of mind.


Message History

A film of ice covers your body!
The centaur skeleton hits your lightning spire but does no damage.
The catoblepas gores your lightning spire but does no damage.
The sky beast completely misses you.
The centaur skeleton hits your lightning spire.
Unknown command.
You slash the sky beast!
The sky beast is moderately wounded.
The catoblepas gores your lightning spire!!
Your lightning spire is destroyed!
The sky beast misses you.
The sky beast flickers out of sight!
You block something's attack.
Unknown command.
Casting: Ozocubu's Armour (safe; 9% risk of failure)
Confirm with . or Enter, or press ? or * to list all spells.
Aiming: Summon Lightning Spire (safe; 10% risk of failure)
Press: ? - help, Dir - move target cursor An electric hum fills the air.
The crimson imp blinks!
Something hits you but does no damage.
Unknown command.
You hit the catoblepas but do no damage.
You miss something. You hit the centaur skeleton.
The crimson imp blinks!
You block the centaur skeleton's attack.
The catoblepas gores you. Something hits you but does no damage.
The centaur skeleton hits you but does no damage.
Your magical contamination has completely faded away.
You hit the catoblepas.
The catoblepas is lightly wounded.
You slash the centaur skeleton! You miss something. You hit the crimson imp.
The catoblepas closely misses you. The centaur skeleton hits you.
You block the crimson imp's attack. Something hits you but does no damage.
You hit the catoblepas.
The catoblepas is lightly wounded.
Your shield prevents you from hitting the crimson imp.
You hit something but do no damage.
You completely miss the centaur skeleton.
The centaur skeleton misses you. The catoblepas barely misses you.
The crimson imp barely misses you. Something hits you but does no damage.
The centaur skeleton misses you.
The catoblepas breathes a plume of calcifying dust at you.
The blast of calcifying dust hits you! Something hits you but does no damage.
The crimson imp barely misses you.
Unknown command.
Unknown command.
Your icy armour cracks and falls away as you move.
The centaur skeleton misses you. The catoblepas closely misses you.
Your lightning spire shoots out a bolt of lightning at the crimson imp!
The bolt of electricity hits the centaur skeleton.
The bolt of electricity hits the crimson imp.
The crimson imp dies!
A sky beast appears from thin air!
You block the sky beast's attack.
There is a transporter landing site here.
Unknown command.
You hit the catoblepas but do no damage.
You hit the sky beast. You hit the centaur skeleton.
You destroy the centaur skeleton!
You block the catoblepas's attack. The sky beast barely misses you.
You hit the catoblepas.
The catoblepas is lightly wounded.
You closely miss the sky beast. The catoblepas misses you.
The sky beast misses you. The catoblepas closely misses you.
You barely miss the catoblepas.
The catoblepas is lightly wounded.
You closely miss the sky beast. The sky beast barely misses you.
Your lightning spire shoots out a bolt of lightning at the catoblepas!
The bolt of electricity hits the catoblepas.
The catoblepas breathes a plume of calcifying dust at you.
The blast of calcifying dust hits you! The sky beast closely misses you.
Your lightning spire shoots out a bolt of lightning at the catoblepas!
The bolt of electricity hits the catoblepas.
Unknown command.
The catoblepas gores you!
* * * LOW HITPOINT WARNING * * *
You block the sky beast's attack.
Your lightning spire shoots out a bolt of lightning at the catoblepas!
The bolt of electricity hits the catoblepas.
Unknown command.
You feel much better. The catoblepas closely misses you.
The sky beast closely misses you.
Your lightning spire shoots out a bolt of lightning at the catoblepas!
The bolt of electricity hits the catoblepas.
You slash the catoblepas!
The catoblepas is heavily wounded.
You closely miss the sky beast. The catoblepas gores you!
The sky beast hits you. The sky beast shocks you.
Your lightning spire shoots out a bolt of lightning at the catoblepas!
The bolt of electricity hits the catoblepas.
You hit the catoblepas but do no damage.
You bite the catoblepas, but do no damage.
The catoblepas is heavily wounded.
You barely miss the sky beast. The catoblepas misses you.
The sky beast misses you. The catoblepas gores you!!
* * * LOW HITPOINT WARNING * * *
You feel much better. The sky beast hits you.
* * * LOW HITPOINT WARNING * * *
The sky beast shocks you.
* * * LOW HITPOINT WARNING * * *
The catoblepas gores you!!
You die...

$......#####
...........##
.#########.?#
##...©...##.#
#8.#...#.8#.#
#$).#.#...#.##
#_(...8...#..##
#_$....§Y.#©..#
#_)...Y@..#...#
#$=.#.#...#..[#
#8.#...#.8#...#
##.......##.#.# #####
#########..#.###...#
..........)....†....#
#.
............#.#.....#
#.
..###..#####.#.##.##
#. ##..# #..
###.##..#


You could see a catoblepas, a sky beast and a friendly lightning spire.

Vanquished Creatures
  A bullfrog (D:6)
  A howler monkey (D:6)
  A jelly (D:5)
  An orc priest (D:4)
  An orc wizard (D:3)
  A centaur skeleton (D:5)
  3 worker ants
  2 gnolls (D:5)
  6 adders
  2 shadow imps (Sewer)
  An ooze (Sewer)
  2 dart slugs
  A leopard gecko (D:6)
  An orc (D:3)
  2 ball pythons
  4 giant cockroaches
  3 goblins
  3 hobgoblins
  2 jackals (D:4)
  3 quokkas
  A bat (D:2)
  4 frilled lizards
  5 kobolds
  A kobold zombie (Sewer)
  A rat (D:1)
53 creatures vanquished.

Vanquished Creatures (collateral kills)
  Grinder (Sewer)
  An ice beast (D:5)
  A phantom (D:4)
  2 ogres
  Blork the orc (D:4)
  2 big kobolds (Sewer)
  A bullfrog (D:6)
  2 crimson imps (D:5)
  A quasit (Sewer)
  Crazy Yiuf (D:2)
  A hound (D:4)
  2 orc priests (D:4)
  An orc wizard (D:3)
  Terence (D:3)
  2 worker ants (D:4)
  2 big kobold zombies (Sewer)
  3 gnolls
  6 adders
  4 shadow imps
  3 ufetubi (Sewer)
  3 worms
  A dart slug (D:4)
  2 leopard geckos
  6 orcs
  A bat zombie (Sewer)
  3 giant cockroaches
  3 hobgoblins (D:3)
  2 jackals
  13 kobolds
  2 quokkas
  3 bats
  A frilled lizard (D:3)
  3 kobold zombies (Sewer)
81 creatures vanquished.

Grand Total: 134 creatures vanquished

Notes
Turn   | Place    | Note
-------+----------+-------------------------------------------
     0 | D:1      | tidbits the Gnoll Summoner began the quest for the Orb.
     0 | D:1      | Reached XP level 1. HP: 13/13 MP: 6/6
    76 | D:1      | Reached XP level 2. HP: 20/20 MP: 4/7
    80 | D:1      | Learned a level 2 spell: Call Imp
   280 | D:2      | Found a runed door.
   289 | D:2      | Noticed Crazy Yiuf
   296 | D:2      | Killed Crazy Yiuf
   296 | D:2      | Reached skill level 5 in Spellcasting
   296 | D:2      | Reached skill level 1 in Invocations
   296 | D:2      | Reached XP level 3. HP: 12/25 MP: 4/9
   336 | D:2      | Learned a level 3 spell: Call Canine Familiar
   412 | D:2      | Reached skill level 1 in Fighting
   412 | D:2      | Reached skill level 1 in Short Blades
   412 | D:2      | Reached skill level 1 in Long Blades
   412 | D:2      | Reached skill level 1 in Axes
   412 | D:2      | Reached skill level 1 in Maces & Flails
   412 | D:2      | Reached skill level 1 in Polearms
   412 | D:2      | Reached skill level 1 in Staves
   412 | D:2      | Reached skill level 1 in Slings
   412 | D:2      | Reached skill level 1 in Bows
   412 | D:2      | Reached skill level 1 in Crossbows
   412 | D:2      | Reached skill level 1 in Throwing
   412 | D:2      | Reached skill level 1 in Armour
   412 | D:2      | Reached skill level 1 in Shields
   412 | D:2      | Reached skill level 1 in Unarmed Combat
   412 | D:2      | Reached skill level 1 in Evocations
   415 | D:2      | Reached XP level 4. HP: 20/32 MP: 3/11
   421 | D:2      | Learned a level 4 spell: Summon Lightning Spire
   699 | D:3      | Noticed Terence
   708 | D:3      | Killed Terence
   708 | D:3      | Reached skill level 1 in Conjurations
   708 | D:3      | Reached skill level 1 in Hexes
   708 | D:3      | Reached skill level 1 in Charms
   708 | D:3      | Reached skill level 1 in Necromancy
   708 | D:3      | Reached skill level 1 in Translocations
   708 | D:3      | Reached skill level 1 in Transmutations
   708 | D:3      | Reached skill level 1 in Fire Magic
   708 | D:3      | Reached skill level 1 in Ice Magic
   708 | D:3      | Reached skill level 1 in Air Magic
   708 | D:3      | Reached skill level 1 in Earth Magic
   708 | D:3      | Reached skill level 1 in Poison Magic
   742 | D:3      | Reached XP level 5. HP: 26/37 MP: 4/12
   778 | D:3      | Gained mutation: You are agile. (Dex +2) [potion of
                  | mutation]
   778 | D:3      | Gained mutation: You possess an exceptional clarity of
                  | mind. [potion of mutation]
   813 | D:3      | Noticed an ogre
   828 | D:3      | Killed an ogre
   828 | D:3      | Reached skill level 2 in Invocations
   828 | D:3      | Reached XP level 6. HP: 19/44 MP: 8/13
   897 | D:4      | Found a bloodstained altar of Trog.
   928 | D:4      | Reached skill level 5 in Dodging
   950 | D:4      | Reached skill level 2 in Fighting
   950 | D:4      | Reached skill level 2 in Short Blades
   950 | D:4      | Reached skill level 2 in Long Blades
   950 | D:4      | Reached skill level 2 in Axes
   950 | D:4      | Reached skill level 2 in Maces & Flails
   950 | D:4      | Reached skill level 2 in Polearms
   950 | D:4      | Reached skill level 2 in Staves
   950 | D:4      | Reached skill level 2 in Slings
   950 | D:4      | Reached skill level 2 in Bows
   950 | D:4      | Reached skill level 2 in Crossbows
   950 | D:4      | Reached skill level 2 in Throwing
   950 | D:4      | Reached skill level 2 in Armour
   950 | D:4      | Reached skill level 2 in Shields
   950 | D:4      | Reached skill level 2 in Unarmed Combat
   950 | D:4      | Reached skill level 2 in Evocations
  1009 | D:5      | Entered Level 5 of the Dungeon
  1018 | D:5      | Learned a level 3 spell: Ozocubu's Armour
  1106 | D:4      | Noticed a phantom
  1114 | D:4      | Killed a phantom
  1318 | D:4      | Reached XP level 7. HP: 50/50 MP: 12/15
  1351 | D:4      | Noticed Blork the orc
  1358 | D:4      | Killed Blork the orc
  1509 | D:5      | Reached skill level 2 in Conjurations
  1509 | D:5      | Reached skill level 2 in Hexes
  1509 | D:5      | Reached skill level 2 in Charms
  1509 | D:5      | Reached skill level 2 in Necromancy
  1509 | D:5      | Reached skill level 2 in Translocations
  1509 | D:5      | Reached skill level 2 in Transmutations
  1509 | D:5      | Reached skill level 2 in Fire Magic
  1509 | D:5      | Reached skill level 2 in Ice Magic
  1509 | D:5      | Reached skill level 2 in Air Magic
  1509 | D:5      | Reached skill level 2 in Earth Magic
  1509 | D:5      | Reached skill level 2 in Poison Magic
  1573 | D:6      | Reached skill level 5 in Stealth
  1591 | D:6      | Reached skill level 3 in Invocations
  1613 | D:6      | Found a glowing drain.
  1622 | Sewer    | Entered a sewer
  1702 | Sewer    | Reached XP level 8. HP: 51/57 MP: 6/16
  1716 | Sewer    | Found a burning altar of Makhleb.
  1740 | Sewer    | Noticed Grinder
  1742 | Sewer    | Paralysed by Grinder for 7 turns
  1743 | Sewer    | Killed Grinder
  1743 | Sewer    | Reached skill level 3 in Fighting
  1743 | Sewer    | Reached skill level 3 in Short Blades
  1743 | Sewer    | Reached skill level 3 in Long Blades
  1743 | Sewer    | Reached skill level 3 in Axes
  1743 | Sewer    | Reached skill level 3 in Maces & Flails
  1743 | Sewer    | Reached skill level 3 in Polearms
  1743 | Sewer    | Reached skill level 3 in Staves
  1743 | Sewer    | Reached skill level 3 in Slings
  1743 | Sewer    | Reached skill level 3 in Bows
  1743 | Sewer    | Reached skill level 3 in Crossbows
  1743 | Sewer    | Reached skill level 3 in Throwing
  1743 | Sewer    | Reached skill level 3 in Armour
  1743 | Sewer    | Reached skill level 3 in Shields
  1743 | Sewer    | Reached skill level 3 in Unarmed Combat
  1743 | Sewer    | Reached skill level 3 in Evocations
  1887 | D:6      | Reached skill level 6 in Spellcasting
  1998 | D:5      | Found a radiant altar of Vehumet.
  2017 | D:5      | Found a transporter.
  2024 | D:5      | Found a transporter.
  2028 | D:5      | Noticed a catoblepas
  2028 | D:5      | Found an ornate altar of the Wu Jian Council.
  2028 | D:5      | Found a burning altar of Makhleb.
  2028 | D:5      | Found a glowing silver altar of Zin.
  2044 | D:5      | HP: 9/58 [catoblepas (27)]
  2045 | D:5      | Slain by a catoblepas

Skill      XL: |  1  2  3  4  5  6  7  8 |
---------------+-------------------------+-----
Spellcasting   | 5 6 |  6.0
Invocations    | 1 2 3 |  3.5
Fighting       | 1 2 3 |  3.2
Short Blades   | 1 2 3 |  3.2
Long Blades    | 1 2 3 |  3.2
Axes           | 1 2 3 |  3.2
Maces & Flails | 1 2 3 |  3.2
Polearms       | 1 2 3 |  3.2
Staves         | 1 2 3 |  3.2
Slings         | 1 2 3 |  3.2
Bows           | 1 2 3 |  3.2
Crossbows      | 1 2 3 |  3.2
Throwing       | 1 2 3 |  3.2
Armour         | 1 2 3 |  3.2
Shields        | 1 2 3 |  3.2
Unarmed Combat | 1 2 3 |  3.2
Evocations     | 1 2 3 |  3.2
Conjurations   | 1 2 |  2.6
Hexes          | 1 2 |  2.6
Charms         | 1 2 |  2.6
Necromancy     | 1 2 |  2.6
Translocations | 1 2 |  2.6
Transmutations | 1 2 |  2.6
Fire Magic     | 1 2 |  2.6
Ice Magic      | 1 2 |  2.6
Air Magic      | 1 2 |  2.6
Earth Magic    | 1 2 |  2.6
Poison Magic   | 1 2 |  2.6
Dodging        | 5 |  5.6
Stealth        | 5 |  5.3
Summonings     | |  7.6

Action                   |  1- 3 |  4- 6 |  7- 9 || total
-------------------------+-------+-------+-------++-------
Melee: Short sword       |    37 |    85 |       ||   122
       Bite              |     1 |    10 |    10 ||    21
       Flail             |       |    15 |     2 ||    17
       Dagger            |       |     4 |    32 ||    36
       War axe           |       |     3 |    66 ||    69
Throw: Tomahawk          |       |     4 |     7 ||    11
 Cast: Summon Small Mamm |     8 |     2 |       ||    10
       Call Imp          |     3 |     4 |       ||     7
       Call Canine Famil |     1 |     7 |       ||     8
       Summon Lightning  |       |     8 |    20 ||    28
       Ozocubu's Armour  |       |       |     1 ||     1
Evoke: Wand              |       |     2 |       ||     2
  Use: Scroll            |     1 |     6 |       ||     7
       Potion            |       |     5 |     2 ||     7
 Stab: Sleeping          |     5 |     9 |     6 ||    20
       Distracted        |       |     1 |     1 ||     2
  Eat: Chunk             |       |     1 |     1 ||     2
       Ration            |       |     1 |     1 ||     2
Armor: Robe              |     5 |    31 |    29 ||    65
Dodge: Dodged            |    18 |    74 |    85 ||   177
Block: Buckler           |    12 |    37 |    28 ||    77

Table legend:
 A = Turns spent in this place as a percentage of turns spent in the entire game.
 B = Non-inter-level travel turns spent in this place as a percentage of non-inter-level travel turns spent in the entire game.
 C = Inter-level travel turns spent in this place as a percentage of turns spent in this place.
 D = Turns resting spent in this place as a percentage of non-inter-level travel turns spent in this place.
 E = Turns spent auto-exploring this place as a percentage of non-inter-level travel turns spent in this place.
 F = Non-inter-level travel turns spent in this place divided by the number of levels of this place that you've seen.
                   A       B       C       D       E      F
               +-------+-------+-------+-------+-------+----------------------
         Total | 100.0 | 100.0 |   3.0 |   0.0 |   0.0 | 283.3
       Dungeon |  88.8 |  88.4 |   3.4 |   0.0 |   0.0 | 292.2
         Sewer |  11.2 |  11.6 |   0.0 |   0.0 |   0.0 | 230.0
               +-------+-------+-------+-------+-------+----------------------

Table legend:
 A = Kills in this place as a percentage of kills in entire the game.
 B = Kills by you in this place as a percentage of kills by you in the entire game.
 C = Kills by friends in this place as a percentage of kills by friends in the entire game.
 D = Other kills in this place as a percentage of other kills in the entire game.
 E = Experience gained in this place as a percentage of experience gained in the entire game.
 F = Experience gained in this place divided by the number of levels of this place that you have seen.
                   A       B       C       D       E      F
               +-------+-------+-------+-------+-------+----------------------
         Total | 100.0 | 100.0 | 100.0 |   N/A | 100.0 | 251.3
       Dungeon |  72.4 |  84.9 |  64.2 |   N/A |  75.4 | 221.2
         Sewer |  27.6 |  15.1 |  35.8 |   N/A |  24.6 | 432.0
               +-------+-------+-------+-------+-------+----------------------

Vault maps used:
D:1:      lightli_arrival_quake, minmay_misc_feat_cross
D:2:      minmay_distorted, uniq_crazy_yiuf_cottage
D:3:      lemuel_crystal_altar, lemuel_crystal_altar, uniq_terence
D:4:      lemuel_castle_with_subvaults, nicolae_overflow_crystal_walls,
          minmay_misc_feat_four_crosses, grunt_ministairs_9, minivault_14,
          makhleb_altar_promises_db, uniq_blork_the_orc
D:5:      led_sif_book, gammafunk_temple_overflow_arena, lemuel_round_altar,
          first_ration, nemelex_diamond_rough_becter
D:6:      lemuel_round_altar, minmay_temple_entry_trees, portal_sewer_entry_d
Sewer:    kennysheep_sewer_church
